 Dungeon Crawl Stone Soup version 0.22.0 (webtiles) character file.

81 inmateoo the Gusty (level 4, -2/24 HPs)
             Began as a Tengu Air Elementalist on Aug 11, 2018.
             Slain by a goblin
             ... wielding a +4 dagger
              (7 damage)
             ... on level 3 of the Dungeon.
             The game lasted 00:06:19 (2146 turns).

inmateoo the Gusty (Tengu Air Elementalist)         Turns: 2146, Time: 00:06:20

Health: -2/24      AC:  2    Str:  8    XL:     4   Next: 40%
Magic:  6/8        EV: 13    Int: 17    God:
Gold:   73         SH:  3    Dex: 14    Spells: 5/8 levels left

rFire    . . .     SeeInvis +   m - +0 dagger (drain)
rCold    . . .     Gourm    .   (no shield)
rNeg     . . .     Faith    .   a - +0 robe
rPois    .         Spirit   .   (helmet restricted)
rElec    .         Reflect  +   (no cloak)
rCorr    .         Harm     .   (no gloves)
MR       .....                  (boots unavailable)
Stlth    +++.......             b - +3 amulet of reflection
HPRegen  0.08/turn              i - ring of see invisible
MPRegen  0.11/turn              j - ring of stealth

@: no status effects
A: beak, talons 3
a: no special abilities


You were on level 3 of the Dungeon.
You were not hungry.

You visited 1 branch of the dungeon, and saw 3 of its levels.

You collected 73 gold pieces.

Inventory:

Hand Weapons
 m - a +0 dagger of draining (weapon)
Armour
 a - a +0 robe (worn)
 h - a +0 buckler
 l - a +0 helmet
Jewellery
 b - a +3 amulet of reflection (around neck)
 i - a ring of see invisible (left hand)
 j - a ring of stealth (right hand)
Scrolls
 d - a scroll of teleportation {unknown}
 e - a scroll of enchant weapon
 g - a scroll of identify
 k - a scroll of magic mapping {unknown}
Potions
 f - 3 potions of curing {unknown}
 n - a potion of heal wounds {unknown}
Comestibles
 c - 3 rations


   Skills:
 + Level 2.9 Dodging
 + Level 2.7 Stealth
 + Level 2.5 Spellcasting
 + Level 2.6 Conjurations
 + Level 4.6 Air Magic


You had 5 spell levels left.
You knew the following spells:

 Your Spells              Type           Power        Failure   Level  Hunger
a - Shock                 Conj/Air       ##..         4%          1    #......
b - Swiftness             Chrm/Air       ##......     11%         2    ##.....

Your spell library contained the following spells:

 Spells                   Type           Power        Failure   Level  Hunger
 Lightning Bolt           Conj/Air       ##........   75%         5    ######.
 Airstrike                Air            ###.......   26%         4    #####..
 Static Discharge         Conj/Air       ##......     12%         3    ###....


Dungeon Overview and Level Annotations

Branches:
Dungeon (3/15)

Altars:


Innate Abilities, Weirdness & Mutations

You have a beak for a mouth.
You have claws for feet.


Message History

You see here a jackal corpse.
The goblin hits you with an enchanted dagger!
* * * LOW HITPOINT WARNING * * *
You are too injured to fight recklessly!
Casting: Shock (safe; 4% risk of failure)
Confirm with . or Enter, or press ? or * to list all spells.
Aiming: Shock (safe; 4% risk of failure)
Press: ? - help, Shift-Dir - straight line, f - goblin
Aim: a goblin, wielding an enchanted dagger
Okay, then.
Casting: Shock (safe; 4% risk of failure)
Confirm with . or Enter, or press ? or * to list all spells.
Aiming: Shock (safe; 4% risk of failure)
Press: ? - help, Shift-Dir - straight line, f - goblin
Aim: a goblin, wielding an enchanted dagger The zap hits the goblin.
The goblin is moderately wounded.
You hear a shout!
The goblin hits you with an enchanted dagger!
You die...

########## #.........
###############.########
o.....g@†††...#.#######.
#############...........
..........#######.
#######.### #..... #.#
#<...# #.# #..... #.#
##.##. #.# #.##. #.#
#.###


You could see an orc and a goblin.

Vanquished Creatures
  5 adders
  A worm (D:3)
  2 leopard geckos
  2 giant cockroaches (D:1)
  5 goblins
  2 hobgoblins
  4 jackals (D:3)
  2 quokkas (D:2)
  A ball python (D:2)
  3 bats
  A kobold (D:1)
  2 rats
30 creatures vanquished.

Vanquished Creatures (others)
  A kobold (D:3)
1 creature vanquished.

Grand Total: 31 creatures vanquished

Notes
Turn   | Place    | Note
-------+----------+-------------------------------------------
     0 | D:1      | inmateoo the Tengu Air Elementalist began the quest for the Orb.
     0 | D:1      | Reached XP level 1. HP: 10/10 MP: 4/4
   625 | D:1      | Reached XP level 2. HP: 4/15 MP: 3/6
   866 | D:1      | Learned a level 2 spell: Swiftness
  1321 | D:2      | Reached XP level 3. HP: 19/19 MP: 7/7
  2034 | D:3      | Reached XP level 4. HP: 22/24 MP: 2/8
  2146 | D:3      | Slain by a goblin

Skill      XL: |  1  2 |
---------------+-------+-----
Conjurations   | 2 |  2.6
Dodging        | |  2.9
Stealth        | |  2.7
Spellcasting   | |  2.5
Air Magic      | |  4.6

Action                   |  1- 3 |  4- 6 || total
-------------------------+-------+-------++-------
Melee: Club              |    16 |       ||    16
       Peck              |     4 |     1 ||     5
       Kick              |     3 |     4 ||     7
       Unarmed           |     1 |       ||     1
       Dagger            |    22 |    15 ||    37
 Cast: Shock             |    28 |     7 ||    35
  Use: Scroll            |     4 |       ||     4
 Stab: Sleeping          |     7 |       ||     7
  Eat: Chunk             |     4 |       ||     4
Armor: Robe              |    13 |     2 ||    15
Dodge: Dodged            |    49 |    10 ||    59
Block: Other             |     8 |       ||     8
       Reflection        |     1 |       ||     1
